 Dungeon Crawl Stone Soup version 0.31-a0-145-g046c7d2549 (webtiles) character file.

Game seed: 3017389714013829078

136210 qw the Spry (level 16, -5/157 HPs)
             Began as a Minotaur Hunter on June 7, 2023.
             Was a Priest of Okawaru.
             Killed from afar by Nikola (77 damage)
             ... with an arc of chain lightning
             ... on level 3 of the Spider Nest.
             The game lasted 00:12:11 (23902 turns).

qw the Spry (Minotaur Hunter)                      Turns: 23902, Time: 00:12:11

Health: -5/157     AC: 15    Str: 19    XL:     16   Next: 66%
Magic:  31/31      EV: 51    Int:  7    God:    Okawaru [***...]
Gold:   362        SH:  0    Dex: 38    Spells: 15/15 levels left

rFire   . . .        t - +4 arbalest of Ugungehy {elec, Str+6 Stlth+}
rCold   + . .        (shield currently unavailable)
rNeg    + . .        u - +0 troll leather armour
rPois   +            (helmet unavailable)
rElec   .            o - +2 cloak
rCorr   .            p - +0 pair of gloves of Xuzuocib {Rampage rC+ rN+}
SInv    +            g - +2 pair of boots {Fly}
Will    +....        v - amulet of regeneration
Stlth   +++++        i - ring of Biezungi {rPois MP+9 Int+3 Dex+7 SInv}
HPRegen 2.06/turn    q - +5 ring of evasion
MPRegen 0.22/turn

%: rampage
@: heroic, flying
A: horns 3, retaliatory headbutt, agile 2
a: Renounce Religion, Heroism


You were on level 3 of the Spider Nest.
You worshipped Okawaru.
Okawaru was most pleased with you.
You visited 5 branches of the dungeon, and saw 26 of its levels.
You also visited: Gauntlet.

You collected 2742 gold pieces.
You spent 2380 gold pieces at shops.


Innate Abilities, Weirdness & Mutations

You have a pair of large horns on your head.
You reflexively headbutt those who attack you in melee.
You are very agile. (Dex +8, Str/Int -2)


   Skills:
 - Level 18.0(23.0) Fighting
 - Level 18.0(23.0) Ranged Weapons
 - Level 9.0(14.0) Armour
 + Level 19.1(24.1) Dodging
 - Level 0.7(5.7) Stealth
 - Level 10.1 Invocations


You had 15 spell levels left.
You didn't know any spells.
Your spell library was empty.

Inventory:

Hand Weapons
 t - the +4 arbalest of Ugungehy (weapon) {elec, Str+6 Stlth+}
   (You bought it in a shop on level 2 of the Orcish Mines)

   Str:       It affects your strength (+6).
   Stlth:     It makes you more stealthy.
Armour
 c - a +2 pair of gloves
 e - the +2 cloak of the Thief {*Fog Slay-2 SInv Stlth+}
   (You found it on level 2 of the Spider Nest)

   *Fog:      It may release a thick cloud of smoke when the wearer is hurt.
   Slay:      It affects your accuracy & damage with ranged weapons and melee
   (-2).
   SInv:      It lets you see invisible.
   Stlth:     It makes you more stealthy.
 g - a +2 pair of boots of flying (worn)
 o - a +2 cloak (worn)
 p - the +0 pair of gloves of Xuzuocib (worn) {Rampage rC+ rN+}
   (Okawaru gifted it to you on level 2 of the Lair of Beasts)

   rC:        It protects you from cold.
   rN:        It protects you from negative energy.
   Rampage:   It bestows one free step when moving towards enemies.
 u - a +0 troll leather armour (worn)
 w - a +3 ring mail of poison resistance
 y - the +0 pair of boots of Exagemur {Str+4 Int-4 SInv}
   (Okawaru gifted it to you on level 1 of the Spider Nest)

   Str:       It affects your strength (+4).
   Int:       It affects your intelligence (-4).
   SInv:      It lets you see invisible.
Jewellery
 f - the ring of Kicosk {rElec rPois Slay+2}
   (You found it in a Gauntlet)

   [ring of poison resistance]

   Slay:      It affects your accuracy & damage with ranged weapons and melee
   (+2).
   rElec:     It insulates you from electricity.
   rPois:     It protects you from poison.
 h - a ring of protection from fire
 i - the ring of Biezungi (left hand) {rPois MP+9 Int+3 Dex+7 SInv}
   (You took it off a minotaur in a Gauntlet)

   [ring of see invisible]

   Int:       It affects your intelligence (+3).
   Dex:       It affects your dexterity (+7).
   rPois:     It protects you from poison.
   MP:        It affects your magic capacity (+9).
   SInv:      It lets you see invisible.
 q - a +5 ring of evasion (right hand)
 v - an amulet of regeneration (around neck)
Wands
 r - a wand of digging (22)
Scrolls
 a - 17 scrolls of teleportation
 k - 2 scrolls of enchant armour
 n - 8 scrolls of identify
Potions
 b - a potion of might
 d - 5 potions of curing
 j - 4 potions of haste
 l - 4 potions of magic
 m - 2 potions of heal wounds
 s - 3 potions of mutation
 x - a potion of cancellation

Dungeon Overview and Level Annotations

Branches:
Dungeon (15/15)            Temple (1/1) D:4            Lair (5/5) D:10
 Shoals (0/4) Lair:3       Spider (3/4) Lair:2        Slime (0/5) Lair:4
    Orc (2/2) D:9             Elf (0/3) Orc:2        Vaults (0/5) D:14
 Depths (0/4) D:15        Gauntlet (visited)

Altars:
Ashenzari
Cheibriados
Dithmenos
Elyvilon
Fedhas
Gozag
Hepliaklqana
Kikubaaqudgha
Makhleb
Nemelex Xobeh
Okawaru
Qazlal
Ru
Sif Muna
Trog
Uskayaw
Vehumet
Wu Jian
Xom
Yredelemnul
Zin
The Shining One

Shops:
D:7 *   D:8 (   D:14 [(   Orc:1 *   Orc:2 [*([

Annotations:
D:12 4 transporters
Spider:2 3 runed translucent doors, Vuykkinei's ghost, adept TrBe
Spider:3 Nikola


Message History

Found a stone staircase leading up.
Enter note:
Enter note:
Enter note:
Enter note:
Enter note:
Enter note: Nikola the Mad Inventor comes into view.
He is wielding a +1 rapier of electrocution.
Enter note:
Enter note:
Enter note:
Enter note:
Enter note:
Enter note: You shoot a bolt.
The bolt barely misses Nikola.
Nikola casts a spell.
Lightning arcs from Nikola's hands!
The bolt of lightning hits you!!!
You hear a faint skittering sound.
You shoot a bolt. The bolt closely misses Nikola.
Nikola casts a spell.
Lightning arcs from Nikola's hands!
The bolt of lightning hits you!!!
You hear a faint skittering sound.
You shoot a bolt. The bolt hits Nikola!
Nikola is lightly wounded.
Nikola casts a spell.
Nikola blinks!
You start resting.
Nikola is nearby!
You shoot a bolt. The bolt hits Nikola!!!
Nikola is moderately wounded.
You shoot a bolt. The bolt hits Nikola!!!
Nikola is heavily wounded.
You shoot a bolt. The bolt hits Nikola.
Nikola is heavily wounded.
Nikola misses you.
You shoot a bolt. The bolt hits Nikola!!!
Nikola is almost dead.
Nikola casts a spell.
Lightning arcs from Nikola's hands!
The bolt of lightning hits you!!!!
You die...

## ### .# #^# ### .# ##..
#####.#####. #...
###..#..##.... ##...
#....#..#?...# ##..##
#^.....###.@## ##....#
#..#.%^^.#.@.#### ####......
###.^###...###..#^###..#..###.
#...## ###...^.##.^....#...###
##..# ##....#.....#...###
#.^## #>..#####.###....##
#...# ###....####.###...#
##^.### #<...###^..#.#..## #
#...#.# ####### #..^..^.## #
###...## #!..# ###.....## ##


You could see Nikola.

Vanquished Creatures
  2 emperor scorpions (Spider:1)
  2 ghost moths
  2 broodmothers (Spider:3)
  A minotaur (Gauntlet)
  A spark wasp (Spider:2)
  2 fire dragons (D:15)
  4 entropy weavers
  3 vault guards (D:14)
  9 hydras
  A catoblepas (Lair:5)
  3 radroaches
  3 two-headed ogres
  Erica (D:10)
  A death knight (D:15)
  4 boulder beetles
  6 centaur warriors
  2 death scarabs (Gauntlet)
  A deep troll shaman (Lair:5)
  11 death yaks
  Urug (D:12)
  5 demonic crawlers
  7 orc high priests (Orc:2)
  A skyshark (Lair:5)
  2 spectral catoblepas (Gauntlet)
  3 sun moths
  Amaemon (Lair:2)
  A fire crab (Lair:4)
  9 orb spiders
  3 pharaoh ants
  2 orc knights
  Pikel (D:7)
  8 ugly things (D:15)
  2 steelbarb worms
  2 manticores
  11 wolf spiders
  Maurice (D:8)
  4 moths of wrath
  4 cyclopes
  12 elephants
  3 black mambas
  8 torpor snails
  2 gargoyles
  11 cane toads
  An orange demon (Lair:2)
  Maggie (D:6)
  2 minotaur zombies (Gauntlet)
  A tengu conjurer (D:13)
  A rime drake (Lair:3)
  4 freezing wraiths
  7 komodo dragons
  5 polar bears
  12 meliai
  22 tarantellas
  A queen bee (D:14)
  5 trolls
  2 hornets
  Grinder (D:3)
  14 dream sheep
  A centaur simulacrum (D:11)
  7 blink frogs
  21 jumping spiders
  10 slime creatures
  Sigmund (D:3)
  10 culicivoras
  4 wyverns
  6 wraiths
  A shadow (D:12)
  78 yaks
  8 humans (D:14)
  4 vampire mosquitoes (D:12)
  4 basilisks
  4 steam dragons
  6 wargs (Orc:2)
  38 redbacks
  An acid dragon (D:14)
  7 water moccasins
  23 orc warriors
  3 black bears
  A sky beast (D:8)
  4 ogres
  17 wolves
  4 phantoms
  9 centaurs
  3 lemures (D:7)
  2 kobold brigands
  13 bullfrogs
  12 wights
  32 killer bees
  2 electric eels
  10 howler monkeys
  38 orc priests
  4 jellies
  6 hounds
  A sleepcap (D:5)
  Jessica (D:3)
  11 orc wizards
  2 iguanas
  13 adders
  6 gnolls
  A river rat (D:10)
  2 shadow imps
  An ufetubus (D:4)
  A worm (D:4)
  2 dart slugs (D:3)
  98 orcs
  6 endoplasms
  12 giant cockroaches
  3 goblins
  3 hobgoblins
  3 jackals (D:2)
  6 quokkas
  4 ball pythons
  4 bats
  A frilled lizard (D:1)
  12 kobolds
  16 rats
845 creatures vanquished.

Vanquished Creatures (others)
  A human (D:14)
1 creature vanquished.

Grand Total: 846 creatures vanquished

Notes
Turn   | Place    | Note
-------+----------+-------------------------------------------
     0 | D:1      | qw the Minotaur Hunter began the quest for the Orb.
     0 | D:1      | Reached XP level 1. HP: 18/18 MP: 0/0
     0 | D:1      | 0 ||| qw: Version: 0.2-a-117-gc6b5c8b
     0 | D:1      | 0 ||| qw: Game counter: 2495
     0 | D:1      | 0 ||| qw: Always use a shield: true
     0 | D:1      | 0 ||| qw: God list: Okawaru
     0 | D:1      | 0 ||| qw: Allow faded altars: false
     0 | D:1      | 0 ||| qw: Do Orc after D:15 true
     0 | D:1      | 0 ||| qw: Do second Lair branch before Depths: true
     0 | D:1      | 0 ||| qw: Lair rune preference: random
     0 | D:1      | 0 ||| qw: Plans: Normal
     0 | D:1      | 0 ||| PLANNING D:1-11
   605 | D:1      | 605 ||| UPGRADING to +0 ring mail.
   615 | D:1      | 615 ||| DROPPING +0 leather armour.
   616 | D:1      | 616 ||| UPGRADING to +5 ring of evasion.
   617 | D:1      | 617 ||| UPGRADING to ring of poison resistance.
   618 | D:1      | 618 ||| READING 2 scrolls labelled FACSIS RUIR.
   622 | D:1      | 622 ||| READING scroll labelled NIYJUA FAFUKO.
   623 | D:1      | 623 ||| READING 2 scrolls labelled CUPHOPLELI.
   624 | D:1      | 624 ||| DROPPING scroll of butterflies.
   668 | D:2      | Reached XP level 2. HP: 25/25 MP: 1/1
   721 | D:2      | Reached skill level 1 in Armour
   968 | D:2      | Reached XP level 3. HP: 30/30 MP: 2/2
  1180 | D:2      | Reached skill level 3 in Fighting
  1483 | D:2      | 1483 ||| UPGRADING to +2 cloak.
  1488 | D:2      | 1488 ||| READING 2 scrolls labelled TUJOASCH SIEHON.
  1489 | D:2      | 1489 ||| READING scroll labelled BAEMUH TAWIN.
  1490 | D:2      | 1490 ||| READING scroll labelled EQIWON SADAROD.
  1491 | D:2      | 1491 ||| READING scroll labelled CUPPOM SAPS.
  1492 | D:2      | 1492 ||| READING 3 scrolls labelled OHAUGG VEXT.
  1493 | D:2      | 1493 ||| DRINKING 2 silvery potions.
  1494 | D:2      | 1494 ||| READING 2 scrolls of identify.
  1494 | D:2      | 1494 ||| IDENTIFYING purple potion
  1495 | D:2      | 1495 ||| DROPPING scroll of blinking.
  1792 | D:3      | Noticed Jessica
  1795 | D:3      | Killed Jessica
  1796 | D:3      | Reached XP level 4. HP: 38/38 MP: 3/3
  1813 | D:3      | Noticed Sigmund
  1822 | D:3      | Reached skill level 6 in Ranged Weapons
  1830 | D:3      | Killed Sigmund
  1831 | D:3      | Reached XP level 5. HP: 39/50 MP: 4/4
  1903 | D:3      | Found an ornate altar of the Wu Jian Council.
  1919 | D:3      | Noticed Grinder
  1931 | D:3      | Killed Grinder
  1932 | D:3      | Reached XP level 6. HP: 17/57 MP: 5/5
  2332 | D:3      | 2332 ||| UPGRADING to amulet of guardian spirit.
  2337 | D:3      | 2337 ||| READING 2 scrolls of identify.
  2337 | D:3      | 2337 ||| IDENTIFYING ruby potion
  2522 | D:4      | Reached XP level 7. HP: 62/62 MP: 6/6
  2600 | D:4      | Found a staircase to the Ecumenical Temple.
  2601 | D:4      | 2601 ||| PLANNING TEMPLE
  2601 | D:4      | 2601 ||| READING 3 scrolls labelled RICAAJ FAANO.
  2602 | D:4      | 2602 ||| READING 2 scrolls of identify.
  2602 | D:4      | 2602 ||| IDENTIFYING fizzy emerald potion
  2603 | D:4      | 2603 ||| DROPPING potion of degeneration.
  2604 | D:4      | 2604 ||| DROPPING 2 scrolls of fog.
  2611 | Temple   | Entered the Ecumenical Temple
  2651 | Temple   | 2651 ||| PLANNING OKAWARU WORSHIP
  2774 | Temple   | Became a worshipper of Warmaster Okawaru
  2774 | Temple   | 2774 ||| PLANNING D:1-11
  2775 | Temple   | 2775 ||| REMOVING amulet of guardian spirit.
  2780 | Temple   | 2780 ||| DROPPING amulet of guardian spirit.
  3097 | D:4      | Found a hazy altar of Hepliaklqana.
  3434 | D:4      | 3434 ||| UPGRADING to +2 pair of gloves.
  3439 | D:4      | 3439 ||| READING scroll labelled LERAUN ACAGH.
  3497 | D:5      | Entered Level 5 of the Dungeon
  3539 | D:5      | Reached skill level 3 in Dodging
  3568 | D:5      | Found a shimmering blue altar of Sif Muna.
  3769 | D:5      | Reached * piety under Okawaru
  3770 | D:5      | Reached skill level 9 in Ranged Weapons
  3780 | D:5      | Reached skill level 6 in Fighting
  3780 | D:5      | Reached skill level 1 in Invocations
  3780 | D:5      | Reached XP level 8. HP: 59/70 MP: 7/7
  3823 | D:5      | 3823 ||| INVOKING Heroism.
  4002 | D:5      | Found a bloodstained altar of Trog.
  4434 | D:5      | Identified the +6 dagger "Jellybane" {heavy, +Blink rC+}
  4476 | D:5      | 4476 ||| INVOKING Heroism.
  4483 | D:5      | Reached skill level 3 in Invocations
  4557 | D:5      | 4557 ||| READING scroll labelled NUMNIA VULISI.
  4685 | D:6      | 4685 ||| STAIRDANCE
  4755 | D:6      | 4755 ||| STAIRDANCE
  4849 | D:6      | 4849 ||| INVOKING Heroism.
  5008 | D:6      | Reached skill level 3 in Armour
  5111 | D:6      | 5111 ||| INVOKING Heroism.
  5199 | D:6      | Reached skill level 4 in Dodging
  5275 | D:6      | 5275 ||| INVOKING Heroism.
  5280 | D:6      | Reached XP level 9. HP: 79/79 MP: 8/11
  5339 | D:6      | Noticed Maggie
  5357 | D:6      | 5357 ||| INVOKING Heroism.
  5362 | D:6      | Killed Maggie
  5607 | D:6      | 5607 ||| UPGRADING to +0 acid dragon scales.
  5617 | D:6      | 5617 ||| DROPPING +0 ring mail.
  5618 | D:6      | 5618 ||| READING scroll of enchant armour.
  5618 | D:6      | 5618 ||| ENCHANTING +0 acid dragon scales.
  5619 | D:6      | 5619 ||| DRINKING 3 red potions.
  5619 | D:6      | Gained mutation: You have a pair of large horns on your
                  | head. [potion of mutation]
  5619 | D:6      | Gained mutation: You are agile. (Dex +4, Str/Int -1)
                  | [potion of mutation]
  5619 | D:6      | Gained mutation: You are very agile. (Dex +8, Str/Int -2)
                  | [potion of mutation]
  5620 | D:6      | 5620 ||| READING 2 scrolls of identify.
  5620 | D:6      | 5620 ||| IDENTIFYING emerald potion
  5639 | D:7      | Found a basalt altar of Yredelemnul.
  5640 | D:7      | Noticed Pikel
  5641 | D:7      | 5641 ||| INVOKING Heroism.
  5662 | D:7      | Killed Pikel
  5662 | D:7      | Reached ** piety under Okawaru
  5663 | D:7      | Reached skill level 6 in Dodging
  5735 | D:7      | Found a shadowy altar of Dithmenos.
  5753 | D:7      | 5753 ||| INVOKING Heroism.
  5782 | D:7      | Noticed a +0 spear
  5789 | D:7      | Found a hide-covered altar of Uskayaw.
  5789 | D:7      | Noticed a +0 falchion
  5789 | D:7      | Noticed a +0 falchion
  5790 | D:7      | Noticed a +0 spear
  5790 | D:7      | Noticed a +0 dagger
  5791 | D:7      | Noticed a +0 short sword
  5792 | D:7      | Noticed a +0 dagger
  5792 | D:7      | Noticed a +0 short sword
  6134 | D:7      | 6134 ||| INVOKING Heroism.
  6171 | D:7      | Found an opulent altar of Gozag.
  6180 | D:7      | Found Gozag's Platinum Reserve.
  6196 | D:7      | 6196 ||| SHOPLISTING +1 robe "Wureuh" {Rampage rF- Regen+
                  | rCorr} (1130 gold, have 306).
  6196 | D:7      | 6196 ||| SHOPLISTING amulet "Zeklekigg" {Reflect Harm Will+
                  | SH+5} (4260 gold, have 306).
  6196 | D:7      | 6196 ||| SHOPLISTING amulet of Ysoffele {Faith rN+++ Will-}
                  | (6380 gold, have 306).
  6314 | D:7      | Found a shimmering altar of Xom.
  6462 | D:8      | Noticed Maurice
  6466 | D:8      | 6466 ||| Stepping ~*~*~tactically~*~*~ (outnumbered).
  6490 | D:8      | Reached skill level 12 in Ranged Weapons
  6502 | D:8      | Killed Maurice
  6503 | D:8      | Reached XP level 10. HP: 56/88 MP: 12/12
  6625 | D:8      | Reached *** piety under Okawaru
  6655 | D:8      | 6655 ||| INVOKING Heroism.
  6785 | D:8      | 6785 ||| INVOKING Heroism.
  6799 | D:8      | Reached skill level 7 in Dodging
  6804 | D:8      | Found Suhu's Weapon Shoppe.
  6809 | D:8      | 6809 ||| INVOKING Heroism.
  6865 | D:8      | 6865 ||| INVOKING Heroism.
  7209 | D:8      | 7209 ||| READING scroll labelled ASODUMEVYFF.
  7209 | D:8      | Identified a scroll of acquirement
  7209 | D:8      | 7209 ||| ACQUIRING +1 arbalest of freezing
  7209 | D:8      | Acquired a +1 arbalest of freezing
  7211 | D:8      | 7211 ||| SWAPPING to +1 arbalest of freezing.
  7212 | D:8      | 7212 ||| DROPPING +0 shortbow.
  7231 | D:9      | 7231 ||| STAIRDANCE
  7285 | D:9      | 7285 ||| INVOKING Heroism.
  7336 | D:9      | Found a stormy altar of Qazlal.
  7360 | D:9      | Reached skill level 9 in Fighting
  7360 | D:9      | Found a staircase to the Orcish Mines.
  7364 | D:9      | Found a burning altar of Makhleb.
  7382 | D:9      | 7382 ||| SWAPPING to +0 orcbow.
  7383 | D:9      | 7383 ||| DROPPING +1 arbalest of freezing.
  7482 | D:9      | 7482 ||| INVOKING Heroism.
  7488 | D:9      | Reached skill level 8 in Dodging
  7664 | D:9      | Found a glowing golden altar of the Shining One.
  7803 | D:9      | 7803 ||| INVOKING Heroism.
  7951 | D:9      | 7951 ||| DRINKING 2 metallic dark potions.
  7952 | D:9      | 7952 ||| READING 2 scrolls of identify.
  7952 | D:9      | 7952 ||| IDENTIFYING fizzy purple potion
  7953 | D:9      | 7953 ||| DROPPING potion of enlightenment.
  7984 | D:10     | Entered Level 10 of the Dungeon
  8020 | D:10     | 8020 ||| INVOKING Heroism.
  8200 | D:10     | Found a blossoming altar of Fedhas.
  8244 | D:10     | Noticed a two-headed ogre
  8245 | D:10     | 8245 ||| INVOKING Heroism.
  8253 | D:10     | Noticed Erica
  8256 | D:10     | Killed a two-headed ogre
  8257 | D:10     | Reached XP level 11. HP: 97/97 MP: 11/13
  8263 | D:10     | Killed Erica
  8303 | D:10     | Noticed a death yak
  8304 | D:10     | 8304 ||| INVOKING Heroism.
  8305 | D:10     | Noticed a death yak
  8312 | D:10     | Noticed a death yak
  8322 | D:10     | Killed a death yak
  8322 | D:10     | Reached **** piety under Okawaru
  8330 | D:10     | Killed a death yak
  8341 | D:10     | 8341 ||| INVOKING Heroism.
  8342 | D:10     | Killed a death yak
  8509 | D:10     | Found a staircase to the Lair.
  8672 | D:10     | Found an ancient bone altar of Kikubaaqudgha.
  8700 | D:10     | 8700 ||| INVOKING Heroism.
  8707 | D:10     | Reached skill level 9 in Dodging
  8879 | D:10     | Reached skill level 6 in Invocations
  9024 | D:10     | 9024 ||| PLANNING LAIR
  9024 | D:10     | 9024 ||| UPGRADING to +0 troll leather armour.
  9034 | D:10     | 9034 ||| DROPPING +1 acid dragon scales.
  9035 | D:10     | 9035 ||| DRINKING 2 fuming red potions.
  9036 | D:10     | 9036 ||| READING 2 scrolls of identify.
  9036 | D:10     | 9036 ||| IDENTIFYING clear potion
  9037 | D:10     | 9037 ||| DROPPING potion of ambrosia.
  9078 | Lair:1   | Entered Level 1 of the Lair of Beasts
  9110 | Lair:1   | 9110 ||| INVOKING Heroism.
  9153 | Lair:1   | 9153 ||| INVOKING Heroism.
  9188 | Lair:1   | Reached ***** piety under Okawaru
  9226 | Lair:1   | 9226 ||| INVOKING Heroism.
  9282 | Lair:1   | 9282 ||| INVOKING Heroism.
  9286 | Lair:1   | Reached skill level 15 in Ranged Weapons
  9296 | Lair:1   | Reached XP level 12. HP: 84/106 MP: 14/16
  9652 | Lair:1   | 9652 ||| INVOKING Heroism.
 10036 | Lair:1   | 10036 ||| DROPPING +0 robe of positive energy.
 10037 | Lair:1   | 10037 ||| READING 2 scrolls of identify.
 10037 | Lair:1   | 10037 ||| IDENTIFYING coppery potion
 10038 | Lair:1   | 10038 ||| DROPPING potion of lignification.
 10083 | Lair:2   | 10083 ||| PLANNING GAUNTLET
 10097 | Lair:2   | 10097 ||| INVOKING Heroism.
 10137 | Lair:2   | Reached skill level 10 in Dodging
 10223 | Lair:2   | Noticed Amaemon
 10224 | Lair:2   | 10224 ||| INVOKING Heroism.
 10239 | Lair:2   | Identified the +0 pair of gloves of Xuzuocib {Rampage rC+
                  | rN+} (Okawaru gifted it to you on level 2 of the Lair of
                  | Beasts)
 10239 | Lair:2   | Received a gift from Okawaru
 10240 | Lair:2   | Killed Amaemon
 10362 | Lair:2   | 10362 ||| FLEEEEING.
 10371 | Lair:2   | 10371 ||| INVOKING Heroism.
 10374 | Lair:2   | Reached skill level 9 in Invocations
 10432 | Lair:2   | Noticed a six-headed hydra
 10434 | Lair:2   | 10434 ||| INVOKING Heroism.
 10435 | Lair:2   | 10435 ||| INVOKING Finesse.
 10443 | Lair:2   | Killed a six-headed hydra
 10593 | Lair:2   | Found a gate leading to a gauntlet.
 10594 | Lair:2   | 10594 ||| UPGRADING to +0 pair of gloves of Xuzuocib
                  | {Rampage rC+ rN+}.
 10604 | Lair:2   | 10604 ||| READING 2 scrolls of identify.
 10604 | Lair:2   | 10604 ||| IDENTIFYING green potion
 10605 | Lair:2   | 10605 ||| DROPPING potion of attraction.
 10614 | Gauntlet | Entered a Gauntlet
 10614 | Gauntlet | Found a transporter.
 10614 | Gauntlet | Found a transporter.
 10618 | Gauntlet | Found a transporter.
 10618 | Gauntlet | Found a transporter.
 10621 | Gauntlet | Noticed a death scarab
 10628 | Gauntlet | Found a transporter.
 10638 | Gauntlet | Found a transporter.
 10638 | Gauntlet | Found a transporter.
 10662 | Gauntlet | Found a transporter.
 10669 | Gauntlet | Found a transporter.
 10681 | Gauntlet | Found a transporter.
 10703 | Gauntlet | Noticed a death scarab
 10707 | Gauntlet | Found a transporter.
 10727 | Gauntlet | Found a transporter.
 10773 | Gauntlet | Found a transporter.
 10789 | Gauntlet | Found a transporter.
 10889 | Gauntlet | Found a transporter.
 10903 | Gauntlet | Found a transporter.
 10991 | Gauntlet | 10991 ||| INVOKING Heroism.
 10997 | Gauntlet | Killed a death scarab
 11049 | Gauntlet | Identified the +2 helmet of the Shore {Contam Harm rN++
                  | Stlth+}
 11066 | Gauntlet | 11066 ||| INVOKING Heroism.
 11069 | Gauntlet | Killed a death scarab
 11104 | Gauntlet | Identified the ring of Kicosk {rElec rPois Slay+2}
 11106 | Gauntlet | 11106 ||| UPGRADING to ring of Kicosk {rElec rPois Slay+2}.
 11108 | Gauntlet | 11108 ||| DROPPING ring of positive energy.
 11109 | Gauntlet | 11109 ||| DROPPING ring of resist corrosion.
 11110 | Gauntlet | 11110 ||| DROPPING ring of poison resistance.
 11127 | Gauntlet | 11127 ||| INVOKING Heroism.
 11151 | Gauntlet | 11151 ||| DROPPING +6 ring of intelligence.
 11168 | Gauntlet | Identified the ring of Biezungi {rPois MP+9 Int+3 Dex+7
                  | SInv}
 11168 | Gauntlet | Noticed a minotaur
 11169 | Gauntlet | 11169 ||| INVOKING Heroism.
 11179 | Gauntlet | Killed a minotaur
 11199 | Gauntlet | Identified the +6 hand axe of Purpose {flame, MP+9 Str+4
                  | Dex+3}
 11269 | Gauntlet | 11269 ||| DROPPING +3 leather armour of willpower.
 11270 | Gauntlet | 11270 ||| DROPPING ring of fire.
 11271 | Gauntlet | 11271 ||| UPGRADING to ring of Biezungi {rPois MP+9 Int+3
                  | Dex+7 SInv}.
 11318 | Gauntlet | 11318 ||| UPGRADING to +5 ring of evasion.
 11326 | Lair:2   | 11326 ||| PLANNING LAIR
 11354 | Lair:2   | 11354 ||| INVOKING Heroism.
 11369 | Lair:2   | Reached XP level 13. HP: 116/116 MP: 19/19
 11506 | Lair:2   | Found a hole to the Spider Nest.
 11538 | Lair:2   | Reached skill level 11 in Dodging
 11834 | Lair:3   | 11834 ||| INVOKING Heroism.
 11939 | Lair:3   | 11939 ||| INVOKING Heroism.
 12050 | Lair:3   | 12050 ||| INVOKING Heroism.
 12055 | Lair:3   | 12055 ||| Stepping ~*~*~tactically~*~*~ (cloud).
 12174 | Lair:3   | 12174 ||| FLEEEEING.
 12175 | Lair:3   | 12175 ||| FLEEEEING.
 12176 | Lair:3   | 12176 ||| FLEEEEING.
 12177 | Lair:3   | 12177 ||| FLEEEEING.
 12178 | Lair:3   | 12178 ||| FLEEEEING.
 12179 | Lair:3   | 12179 ||| FLEEEEING.
 12180 | Lair:3   | 12180 ||| FLEEEEING.
 12181 | Lair:3   | 12181 ||| FLEEEEING.
 12182 | Lair:3   | 12182 ||| FLEEEEING.
 12183 | Lair:3   | 12183 ||| FLEEEEING.
 12184 | Lair:3   | 12184 ||| FLEEEEING.
 12185 | Lair:3   | 12185 ||| FLEEEEING.
 12186 | Lair:3   | 12186 ||| FLEEEEING.
 12187 | Lair:3   | 12187 ||| FLEEEEING.
 12188 | Lair:3   | 12188 ||| FLEEEEING.
 12189 | Lair:3   | 12189 ||| FLEEEEING.
 12190 | Lair:3   | 12190 ||| FLEEEEING.
 12191 | Lair:3   | 12191 ||| FLEEEEING.
 12192 | Lair:3   | 12192 ||| FLEEEEING.
 12193 | Lair:3   | 12193 ||| FLEEEEING.
 12194 | Lair:3   | 12194 ||| FLEEEEING.
 12195 | Lair:3   | 12195 ||| FLEEEEING.
 12198 | Lair:3   | 12198 ||| FLEEEEING.
 12199 | Lair:3   | 12199 ||| FLEEEEING.
 12200 | Lair:3   | 12200 ||| FLEEEEING.
 12201 | Lair:3   | 12201 ||| STAIRDANCE
 12203 | Lair:2   | 12203 ||| INVOKING Heroism.
 12222 | Lair:3   | Reached skill level 12 in Dodging
 12222 | Lair:3   | 12222 ||| STAIRDANCE
 12354 | Lair:3   | Found a staircase to the Shoals.
 12645 | Lair:3   | 12645 ||| READING scroll labelled LEGIWU XIEBIO.
 12759 | Lair:4   | 12759 ||| INVOKING Heroism.
 12804 | Lair:4   | Reached skill level 12 in Fighting
 12828 | Lair:4   | 12828 ||| Stepping ~*~*~tactically~*~*~ (outnumbered).
 12839 | Lair:4   | 12839 ||| INVOKING Heroism.
 12887 | Lair:4   | 12887 ||| FLEEEEING.
 12888 | Lair:4   | 12888 ||| FLEEEEING.
 12890 | Lair:4   | 12890 ||| FLEEEEING.
 12891 | Lair:4   | 12891 ||| FLEEEEING.
 12892 | Lair:4   | 12892 ||| FLEEEEING.
 12894 | Lair:4   | 12894 ||| INVOKING Heroism.
 13074 | Lair:4   | 13074 ||| FLEEEEING.
 13075 | Lair:4   | 13075 ||| INVOKING Heroism.
 13241 | Lair:4   | 13241 ||| INVOKING Heroism.
 13451 | Lair:4   | Reached skill level 13 in Dodging
 13494 | Lair:4   | Found a staircase to the Slime Pits.
 13681 | Lair:4   | 13681 ||| INVOKING Heroism.
 13725 | Lair:4   | 13725 ||| INVOKING Finesse.
 13760 | Lair:4   | Identified the +1 chain mail "Bikkafeol" {Str+2}
 13847 | Lair:4   | 13847 ||| INVOKING Heroism.
 13896 | Lair:4   | 13896 ||| INVOKING Heroism.
 13927 | Lair:4   | 13927 ||| INVOKING Heroism.
 14110 | Lair:4   | 14110 ||| READING scroll labelled BYMMIUV YJUG.
 14111 | Lair:4   | 14111 ||| READING 3 scrolls of identify.
 14111 | Lair:4   | 14111 ||| IDENTIFYING sedimented pink potion
 14112 | Lair:4   | 14112 ||| DROPPING potion of brilliance.
 14118 | Lair:5   | Entered Level 5 of the Lair of Beasts
 14204 | Lair:5   | Reached skill level 14 in Dodging
 14211 | Lair:5   | 14211 ||| INVOKING Heroism.
 14225 | Lair:5   | Reached skill level 6 in Armour
 14253 | Lair:5   | 14253 ||| INVOKING Heroism.
 14260 | Lair:5   | Reached XP level 14. HP: 129/129 MP: 20/20
 14964 | Lair:5   | 14964 ||| INVOKING Heroism.
 14999 | Lair:5   | 14999 ||| INVOKING Finesse.
 15009 | Lair:5   | 15009 ||| INVOKING Heroism.
 15023 | Lair:5   | 15023 ||| INVOKING Finesse.
 15055 | Lair:5   | 15055 ||| INVOKING Heroism.
 15058 | Lair:5   | 15058 ||| Stepping ~*~*~tactically~*~*~ (cloud).
 15062 | Lair:5   | 15062 ||| Stepping ~*~*~tactically~*~*~ (cloud).
 15064 | Lair:5   | Reached skill level 15 in Dodging
 15107 | Lair:5   | 15107 ||| INVOKING Heroism.
 15108 | Lair:5   | 15108 ||| INVOKING Finesse.
 15271 | Lair:5   | 15271 ||| PLANNING D:1-11
 15271 | Lair:5   | 15271 ||| UPGRADING to +2 pair of boots.
 15276 | Lair:5   | 15276 ||| READING 3 scrolls of identify.
 15276 | Lair:5   | 15276 ||| IDENTIFYING amethyst potion
 15277 | Lair:5   | 15277 ||| DROPPING potion of berserk rage.
 15803 | D:11     | 15803 ||| FLEEEEING.
 16061 | D:11     | 16061 ||| PLANNING D
 16061 | D:11     | 16061 ||| DROPPING +3 ring mail.
 16062 | D:11     | 16062 ||| READING scroll labelled FEHAOFA MEDE.
 16095 | D:12     | Noticed Urug
 16096 | D:12     | 16096 ||| INVOKING Heroism.
 16097 | D:12     | 16097 ||| INVOKING Finesse.
 16113 | D:12     | Killed Urug
 16200 | D:12     | Reached skill level 15 in Fighting
 16273 | D:12     | Received a gift from Okawaru
 16350 | D:12     | Found a transporter.
 16355 | D:12     | Found a transporter.
 16357 | D:12     | Found a transporter.
 16376 | D:12     | Found a transporter.
 17157 | D:13     | 17157 ||| Stepping ~*~*~tactically~*~*~ (outnumbered).
 17160 | D:13     | 17160 ||| Stepping ~*~*~tactically~*~*~ (outnumbered).
 17171 | D:13     | 17171 ||| Stepping ~*~*~tactically~*~*~ (outnumbered).
 17190 | D:13     | 17190 ||| INVOKING Heroism.
 17446 | D:13     | 17446 ||| UPGRADING to +1 pair of boots of flying.
 17456 | D:13     | 17456 ||| READING 3 scrolls of enchant armour.
 17456 | D:13     | 17456 ||| ENCHANTING +1 pair of boots of flying.
 17457 | D:13     | 17457 ||| DROPPING +2 pair of boots.
 17547 | D:14     | 17547 ||| INVOKING Heroism.
 17569 | D:14     | Reached skill level 16 in Dodging
 17578 | D:14     | 17578 ||| INVOKING Heroism.
 17756 | D:14     | Found Quzocih's Armour Shop.
 17764 | D:14     | 17764 ||| BUYING +3 ring mail of poison resistance (299
                  | gold).
 17764 | D:14     | Bought a +3 ring mail of poison resistance for 299 gold
                  | pieces
 17785 | D:14     | 17785 ||| INVOKING Heroism.
 17939 | D:14     | 17939 ||| INVOKING Heroism.
 17953 | D:14     | Reached XP level 15. HP: 54/144 MP: 21/21
 18036 | D:14     | Found a gate to the Vaults.
 18113 | D:14     | 18113 ||| INVOKING Heroism.
 18157 | D:14     | Found Dyapp's Weapon Boutique.
 18264 | D:14     | 18264 ||| FLEEEEING.
 18265 | D:14     | 18265 ||| FLEEEEING.
 18463 | D:14     | 18463 ||| DROPPING +2 cloak.
 18464 | D:14     | 18464 ||| DROPPING ring of willpower.
 18465 | D:14     | 18465 ||| DROPPING ring of see invisible.
 18472 | D:15     | Entered Level 15 of the Dungeon
 18504 | D:15     | Identified the +7 morningstar of Growth {freeze, rN+}
 18541 | D:15     | 18541 ||| Stepping ~*~*~tactically~*~*~ (outnumbered).
 18543 | D:15     | 18543 ||| Stepping ~*~*~tactically~*~*~ (outnumbered).
 18545 | D:15     | 18545 ||| Stepping ~*~*~tactically~*~*~ (outnumbered).
 18547 | D:15     | 18547 ||| Stepping ~*~*~tactically~*~*~ (outnumbered).
 18549 | D:15     | 18549 ||| INVOKING Heroism.
 18550 | D:15     | 18550 ||| Stepping ~*~*~tactically~*~*~ (outnumbered).
 18734 | D:15     | Found a staircase to the Depths.
 18871 | D:15     | Found a white marble altar of Elyvilon.
 18992 | D:15     | 18992 ||| INVOKING Heroism.
 19251 | D:15     | 19251 ||| INVOKING Heroism.
 19256 | D:15     | Reached skill level 17 in Dodging
 19378 | D:15     | 19378 ||| PLANNING ORC
 19522 | Orc:1    | Entered Level 1 of the Orcish Mines
 19528 | Orc:1    | 19528 ||| INVOKING Heroism.
 19708 | Orc:2    | Entered Level 2 of the Orcish Mines
 19747 | Orc:1    | 19747 ||| DRINKING 6 potions of curing.
 19747 | Orc:1    | 19747 ||| (to cure confusion)
 19830 | Orc:1    | Found Qaurof's Overcharged Wands.
 19839 | Orc:1    | 19839 ||| BUYING wand of digging (11) (693 gold).
 19839 | Orc:1    | Bought a wand of digging (11) for 693 gold pieces
 19839 | Orc:1    | 19839 ||| BUYING wand of digging (11) (693 gold).
 19839 | Orc:1    | Bought a wand of digging (11) for 693 gold pieces
 20115 | Orc:2    | 20115 ||| INVOKING Heroism.
 20124 | Orc:2    | 20124 ||| Stepping ~*~*~tactically~*~*~ (outnumbered).
 20156 | Orc:2    | 20156 ||| Stepping ~*~*~tactically~*~*~ (outnumbered).
 20166 | Orc:2    | 20166 ||| INVOKING Heroism.
 20235 | Orc:2    | 20235 ||| INVOKING Heroism.
 20258 | Orc:2    | Found Onoiraj's Antique Armour Shoppe.
 20258 | Orc:2    | Found Ryronl Sula's Antique Weapon Shop.
 20281 | Orc:2    | 20281 ||| BUYING steaming arbalest (266 gold).
 20281 | Orc:2    | Bought a steaming arbalest for 266 gold pieces
 20281 | Orc:2    | Identified the +4 arbalest of Ugungehy {elec, Str+6 Stlth+}
                  | (You bought it in a shop on level 2 of the Orcish Mines)
 20281 | Orc:2    | 20281 ||| SWAPPING to +4 arbalest of Ugungehy {elec, Str+6
                  | Stlth+}.
 20282 | Orc:2    | 20282 ||| DROPPING +1 orcbow.
 20582 | Orc:2    | 20582 ||| INVOKING Heroism.
 20583 | Orc:2    | 20583 ||| Stepping ~*~*~tactically~*~*~ (outnumbered).
 20603 | Orc:2    | Found Huada's Assorted Antiques.
 20603 | Orc:2    | Found Riwistip's Antique Armour Shop.
 20605 | Orc:2    | 20605 ||| Stepping ~*~*~tactically~*~*~ (outnumbered).
 20616 | Orc:2    | 20616 ||| BUYING glowing emerald amulet (120 gold).
 20616 | Orc:2    | Bought a glowing emerald amulet for 120 gold pieces
 20616 | Orc:2    | 20616 ||| BUYING scroll of identify (48 gold).
 20616 | Orc:2    | Bought a scroll of identify for 48 gold pieces
 20616 | Orc:2    | 20616 ||| BUYING sharpened wooden wand (96 gold).
 20616 | Orc:2    | Bought a sharpened wooden wand for 96 gold pieces
 20625 | Orc:2    | 20625 ||| SHOPLISTING ancient ring mail (297 gold, have
                  | 274).
 20625 | Orc:2    | 20625 ||| BUYING dyed leather armour (165 gold).
 20625 | Orc:2    | Bought a dyed leather armour for 165 gold pieces
 20625 | Orc:2    | 20625 ||| SHOPLISTING runed robe (122 gold, have 109).
 20631 | Orc:2    | Found a staircase to the Elven Halls.
 20783 | Orc:2    | 20783 ||| PLANNING SPIDER:1-3
 20783 | Orc:2    | 20783 ||| DROPPING +1 leather armour of poison resistance.
 20784 | Orc:2    | 20784 ||| UPGRADING to amulet of regeneration.
 20789 | Orc:2    | 20789 ||| DROPPING wand of mindburst (4).
 20931 | Spider:1 | Entered Level 1 of the Spider Nest
 20943 | Spider:1 | 20943 ||| INVOKING Heroism.
 21051 | Spider:1 | Noticed an emperor scorpion
 21052 | Spider:1 | 21052 ||| INVOKING Heroism.
 21072 | Spider:1 | Killed an emperor scorpion
 21096 | Spider:1 | Received a gift from Okawaru
 21133 | Spider:1 | 21133 ||| INVOKING Heroism.
 21355 | Spider:1 | 21355 ||| INVOKING Finesse.
 21680 | Spider:1 | Noticed an emperor scorpion
 21681 | Spider:1 | 21681 ||| INVOKING Heroism.
 21687 | Spider:1 | Killed an emperor scorpion
 21715 | Spider:1 | 21715 ||| INVOKING Finesse.
 21716 | Spider:1 | 21716 ||| Stepping ~*~*~tactically~*~*~ (outnumbered).
 21724 | Spider:1 | 21724 ||| DRINKING 6 potions of curing.
 21724 | Spider:1 | 21724 ||| (to cure confusion)
 21735 | Spider:1 | 21735 ||| INVOKING Heroism.
 21759 | Spider:1 | Reached skill level 18 in Ranged Weapons
 21790 | Spider:1 | Reached skill level 18 in Dodging
 21859 | Spider:1 | 21859 ||| Stepping ~*~*~tactically~*~*~ (outnumbered).
 21872 | Spider:1 | Reached XP level 16. HP: 151/151 MP: 22/22
 21931 | Spider:1 | 21931 ||| INVOKING Finesse.
 21938 | Spider:1 | Reached skill level 9 in Armour
 21947 | Spider:1 | Identified the +0 pair of boots of Exagemur {Str+4 Int-4
                  | SInv} (Okawaru gifted it to you on level 1 of the Spider
                  | Nest)
 21947 | Spider:1 | Received a gift from Okawaru
 22132 | Spider:1 | 22132 ||| READING 8 scrolls of identify.
 22132 | Spider:1 | 22132 ||| IDENTIFYING fuming amethyst potion
 22133 | Spider:1 | 22133 ||| DROPPING potion of invisibility.
 22163 | Spider:2 | 22163 ||| STAIRDANCE
 22167 | Spider:2 | 22167 ||| STAIRDANCE
 22169 | Spider:1 | 22169 ||| INVOKING Heroism.
 22236 | Spider:2 | 22236 ||| DRINKING potion of resistance.
 22514 | Spider:2 | Found a runed translucent gate.
 22515 | Spider:2 | Found a runed translucent gate.
 22516 | Spider:2 | Found a runed translucent gate.
 22520 | Spider:2 | Noticed Vuykkinei's ghost (adept TrBe)
 22571 | Spider:2 | Found the +2 cloak of the Thief {*Fog Slay-2 SInv Stlth+}
 22589 | Spider:2 | 22589 ||| INVOKING Heroism.
 22590 | Spider:2 | 22590 ||| Stepping ~*~*~tactically~*~*~ (outnumbered).
 22785 | Spider:2 | 22785 ||| READING 7 scrolls of identify.
 22785 | Spider:2 | 22785 ||| IDENTIFYING black potion
 23046 | Spider:3 | 23046 ||| INVOKING Finesse.
 23184 | Spider:3 | 23184 ||| INVOKING Heroism.
 23205 | Spider:3 | Reached skill level 19 in Dodging
 23307 | Spider:3 | 23307 ||| INVOKING Heroism.
 23349 | Spider:3 | 23349 ||| INVOKING Heroism.
 23408 | Spider:3 | 23408 ||| INVOKING Heroism.
 23799 | Spider:3 | 23799 ||| INVOKING Heroism.
 23800 | Spider:3 | 23800 ||| Stepping ~*~*~tactically~*~*~ (outnumbered).
 23806 | Spider:3 | Received a gift from Okawaru
 23862 | Spider:3 | Reached skill level 18 in Fighting
 23868 | Spider:3 | 23868 ||| INVOKING Heroism.
 23894 | Spider:3 | Noticed Nikola
 23902 | Spider:3 | Killed from afar by Nikola

Levels and vault maps discovered:
D:1:      amcnicky_arrival_wind_blow, layout_basic, kennysheep_doodads
D:2:      minmay_roachtagon, layout_basic, minmay_rat_gold_closets
D:3:      layout_loops_cross, nicolae_wu_jian_wuxing_cycle, bh_walls_and_bars,
          uniq_sigmund, uniq_jessica, uniq_grinder
D:4:      layout_basic, nicolae_hepliaklqana_hippocampus,
          minmay_temple_entry_grid, dk_noncrumbling_3
D:5:      layout_basic, lemuel_crystal_altar, trog_butcher_becter,
          chequers_jeans, grunt_ministairs_3
D:6:      layout_basic, uniq_maggie
D:7:      layout_loops_ring, mainiacjoe_overflow_tiny_flanked,
          general_overflow_altar, kennysheep_mini, nicolae_uskayaw_en_pointe,
          nicolae_gozag_zags_fifth_avenue, uniq_pikel
D:8:      layout_basic, serial_shops, shop_fountains,
          wad_floor_pattern_untrapped, uniq_maurice
D:9:      layout_roguey, mainiacjoe_overflow_paths,
          nicolae_qazlal_style_of_elements, mainiacjoe_overflow_brackets,
          orc_0_dummy, kennysheep_generic_room_4
D:10:     argonaut_augean_stables, layout_long_grid,
          mainiacjoe_overflow_24_doors, mainiacjoe_overflow_cross_hatched,
          dpeg_lair_monsters, uniq_erica
D:11:     layout_roguey [special_room_orc]
D:12:     layout_basic, nicolae_transporter_circle, uniq_urug
D:13:     layout_roguey, special_room [special_room_orc],
          dreamdust_mushroom_princess, chequers_serial_rivers_small_b
D:14:     layout_roguey [special_room_bee], ximxim_vaults_locker_room,
          minmay_misc_feat_ornament, serial_shops, shop, shop
D:15:     grunt_enter_depths_hoard, layout_basic, elyvilon_altar_5
Temple:   nicolae_temple_bog_church
Lair:1:   layout_cave_pods
Lair:2:   layout_loops_ring, spider_nest_entry_webs, gauntlet_entry_generic,
          serial_bayou_shore_a, grunt_megastairs_5, uniq_amaemon
Lair:3:   layout_cellular_growth, minmay_shoals_entry_centaurs, st_stairs_3,
          infiniplex_staircase_pool
Lair:4:   nzn_winding_woodlands_stair_cross [nzn_winding_woodlands_5x15_parted,
          nzn_winding_woodlands_center_diamonds,
          nzn_winding_woodlands_5x15_cabin, nzn_winding_woodlands_5x5_three,
          nzn_winding_woodlands_hourglass, nzn_winding_woodlands_5x15_default,
          nzn_winding_woodlands_center_triple_pond,
          nzn_winding_woodlands_5x15_garden], layout_cave_pods,
          nicolae_slime_entry_slimehenge
Lair:5:   grunt_lair_end_beastmaster, layout_concentric_octagons,
          chequers_serial_rivers_room_b, grunt_megastairs_3,
          serial_bayou_shore_b, lemuel_fruit_tree, infiniplex_staircase_pool_2
Spider:1: layout_cave_pods, hangedman_spider_mandibles
Spider:2: layout_spider_delve, gammafunk_ghost_split
Spider:3: layout_spider_delve, uniq_nikola
Orc:1:    layout_caves, nicolae_shop_overcharged_wands
Orc:2:    st_orc_town, layout_caves

Skill      XL: |  1  2  3  4  5  6  7  8  9 10 11 12 13 14 15 16 |
---------------+-------------------------------------------------+-----
Armour         | 1 2 3 4 5 6 8 9 |  9.0
Ranged Weapons | 5 6 7 9 10 12 14 15 16 18 | 18.0
Fighting       | 3 5 6 7 9 10 11 13 16 18 | 18.0
Dodging        | 3 4 6 8 9 10 14 16 18 19 | 19.1
Invocations    | 1 4 7 10 | 10.1
Stealth        | |  0.7

Action                     |  1- 3 |  4- 6 |  7- 9 | 10-12 | 13-15 | 16-18 || total
---------------------------+-------+-------+-------+-------+-------+-------++-------
   Fire: Shortbow          |   131 |    80 |   413 |    60 |       |       ||   684
         Orcbow            |       |       |       |   556 |  1386 |       ||  1942
         Arbalest          |       |       |       |    30 |   207 |   269 ||   506
 Invoke: Heroism           |       |       |     9 |    26 |    39 |     8 ||    82
         Finesse           |       |       |       |     1 |     7 |     2 ||    10
    Use: Scroll            |     9 |     1 |     6 |     5 |     6 |     2 ||    29
         Potion            |     1 |       |     1 |     2 |     2 |     1 ||     7
 Armour: Leather armour    |     6 |       |       |       |       |       ||     6
         Ring mail         |    15 |    12 |    64 |       |       |       ||    91
         Acid dragon scale |       |       |    17 |    37 |       |       ||    54
         Troll leather arm |       |       |       |    27 |    68 |    12 ||   107
  Dodge: Dodged            |    69 |    41 |   255 |   423 |  1035 |   203 ||  2026

Table legend:
 A = Non-vault XP
 B = Vault XP
 C = Vault XP percentage of total XP
 D = Non-vault monster count
 E = Vault monster count
 F = Vault count percentage of total count
                 A         B        C        D         E       F
            +---------+---------+-------+---------+---------+-------
      Total |  137912 |   56675 |  29.1 |     567 |     275 |  32.7
            +---------+---------+-------+---------+---------+-------
        D:1 |      11 |       0 |   0.0 |       7 |       0 |   0.0
        D:2 |      47 |      31 |  39.7 |      14 |      20 |  58.8
        D:3 |      23 |     546 |  96.0 |      10 |       3 |  23.1
        D:4 |     202 |       0 |   0.0 |      20 |       0 |   0.0
        D:5 |     901 |     167 |  15.6 |      19 |       6 |  24.0
        D:6 |     937 |     398 |  29.8 |      21 |       1 |   4.5
        D:7 |     805 |     593 |  42.4 |      10 |       1 |   9.1
        D:8 |    1923 |     508 |  20.9 |      26 |       1 |   3.7
        D:9 |    3328 |      74 |   2.2 |      34 |       1 |   2.9
       D:10 |    1885 |    6168 |  76.6 |       8 |      26 |  76.5
       D:11 |    2829 |     997 |  26.1 |      16 |      27 |  62.8
       D:12 |    5767 |     802 |  12.2 |      24 |       1 |   4.0
       D:13 |    3682 |    1416 |  27.8 |      11 |      26 |  70.3
       D:14 |    5385 |    6702 |  55.4 |      12 |      36 |  75.0
       D:15 |   10305 |    1826 |  15.1 |      21 |       2 |   8.7
     Lair:1 |    5463 |       0 |   0.0 |      22 |       0 |   0.0
     Lair:2 |    7168 |    3044 |  29.8 |      26 |       9 |  25.7
     Lair:3 |    3503 |     987 |  22.0 |      19 |       5 |  20.8
     Lair:4 |    6824 |    7682 |  53.0 |      22 |      20 |  47.6
     Lair:5 |    7588 |   11374 |  60.0 |      25 |      25 |  50.0
   Spider:1 |   28396 |       0 |   0.0 |      66 |       0 |   0.0
   Spider:2 |   13527 |       0 |   0.0 |      38 |       0 |   0.0
   Spider:3 |   23241 |       0 |   0.0 |      52 |       0 |   0.0
      Orc:1 |    2652 |       0 |   0.0 |      30 |       0 |   0.0
      Orc:2 |    1520 |    7563 |  83.3 |      14 |      55 |  79.7
   Gauntlet |       0 |    5797 | 100.0 |       0 |      10 | 100.0
            +---------+---------+-------+---------+---------+-------
